 Dungeon Crawl Stone Soup version 0.29.0-5-ge4962eb29e (webtiles) character file.

Game seed: 1612746569232579298

125 ProzacElf the Ruffian (level 4, -1/44 HPs)
             Began as a Troll Cinder Acolyte on Aug 29, 2022.
             Was a High Priest of Ignis.
             Slain by Grinder (4 damage)
             ... while paralysed by Grinder
             ... on level 2 of the Dungeon.
             The game lasted 00:05:41 (1449 turns).

ProzacElf the Ruffian (Troll Cinder Acolyte)        Turns: 1449, Time: 00:05:42

Health: -1/44      AC:  5    Str: 22    XL:     4   Next: 82%
Magic:  4/4        EV:  1    Int: 10    God:    Ignis [*****.]
Gold:   150        SH:  0    Dex:  7    Spells: 5/5 levels left

rFire   + . .      SeeInvis .     - Unarmed
rCold   . . .      Faith    .   (no shield)
rNeg    . . .      Spirit   .   a - +0 robe
rPois   .          Reflect  .   (helmet restricted)
rElec   .          Harm     .   c - +0 cloak
rCorr   .          Rampage  .   (gloves unavailable)
Will    .....                   (boots unavailable)
Stlth   +.........              (no amulet)
HPRegen 0.94/turn               (no ring)
MPRegen 0.09/turn               (no ring)

@: paralysed
A: large, unfitting armour, claws 3, regeneration 1, shaggy fur 1, tough skin 1
a: Renounce Religion, Fiery Armour, Foxfire Swarm, Rising Flame


You were on level 2 of the Dungeon.
You worshipped Ignis.
Ignis was extremely pleased with you.
You visited 1 branch of the dungeon, and saw 3 of its levels.

You collected 150 gold pieces.

Inventory:

Missiles
 j - 4 poisoned darts (quivered)
Armour
 a - a +0 robe (worn)
 c - a +0 cloak (worn)
Scrolls
 b - 2 scrolls of identify {unknown}
 e - a scroll of fear {unknown}
 g - a scroll of silence {unknown}
 h - a scroll of poison {unknown}
 i - a scroll of enchant weapon {unknown}
 k - a scroll of vulnerability {unknown}
Potions
 d - a potion of heal wounds {unknown}
 f - a potion of magic {unknown}
 l - a potion of berserk rage {unknown}
 m - a potion of flight {unknown}


   Skills:
 - Level 2.4 Fighting
 + Level 1.8 Dodging
 + Level 4.6 Unarmed Combat
 - Level 1.0 Spellcasting
 - Level 2.5 Fire Magic


You had 5 spell levels left.
You didn't know any spells.
Your spell library contained the following spells:

 Spells                   Type           Power      Damage    Failure   Level
 Scorch                   Fire           10%        2d5       19%         2
 Ozocubu's Armour         Ice            0%         N/A       71%         3
 Metabolic Englaciation   Hex/Ice        0%         N/A       100%        5
 Simulacrum               Ice/Necr       0%         N/A       100%        6


Dungeon Overview and Level Annotations

Branches:
Dungeon (3/15)

Altars:

Shops:
D:2 (

Annotations:
D:2 Grinder


Innate Abilities, Weirdness & Mutations

You are too large for most types of armour.
You have claws for hands.
Your natural rate of healing is unusually fast.
You are covered in fur. (AC +1)
You have tough skin. (AC +1)


Message History

Level annotation: Grinder Tha orc priest mumbles some strange prayers ta Beogh against ye.
Beogh smites ye!
Grinder closely misses ye.
Grinder gestures at ye.
Ye resist wit' significant effort.
Thar be a stone staircase leadin' up 'ere.
Ye take 16 damage, an' haf 28/44 hp.
MASSIVE DAMAGE!!
Grinder rolls her eyes.
Grinder hits ye but does nay damage.
Ye climb upwards.
Thar be a stone staircase leadin' down 'ere.
Ye regain'd 2 hp, an' now haf 30/44 hp.
Ye barely miss Grinder.
Grinder gestures at ye.
Pain shoots through yer body!
Ye take 3 damage, an' haf 27/44 hp.
Ye claw Grinder!
Grinder be moderately wounded.
Ye scratch Grinder.
Grinder be moderately wounded.
Grinder gestures at ye.
Ye barely resist.
Ye completely miss Grinder.
Grinder be moderately wounded.
Grinder hits ye but does nay damage.
Ye barely miss Grinder.
Grinder be moderately wounded.
Grinder hits ye.
Ye writha in agony.
Ye take 5 damage, an' haf 25/44 hp.
Ye closely miss Grinder.
Grinder be moderately wounded.
Grinder gestures at ye.
Ye sudd'nly lose tha ability ta move!
Grinder hits ye.
Ye writha in agony.
Grinder hits ye.
Ye writha in agony.
* * * LOW HITPOINT WARNIN'
* * * Grinder hits ye!
* * * LOW HITPOINT WARNIN'
* * * Ye writha in agony.
Ye die...

# #.#..#........# ######
#..........##.#
##...#####.#.......#.#
#........#....#....#.#
..∩.#.##.#.#....#.##.#
......†..†...........#
+#.....#....###...####
..........#.#..5####
........#.#.#.#.@[.#
........#.#.#.#.##.#
....###.#.#.#.#....# ..###
#.#.#.#.####.# ###### ..#
#.#.....########....#
#######+###............##.#
#...............#####.##.###
#.......###...........##...#
#.....................####.###


You could see Grinder.

Vanquished Creatures
  An orc priest (D:2)
  4 adders (D:2)
  2 dart slugs (D:1)
  3 ball pythons
  9 bats
  3 endoplasms
  2 giant cockroaches
  5 goblins
  7 hobgoblins
  6 kobolds
  3 quokkas (D:1)
  2 frilled lizards
  5 rats
52 creatures vanquished.

Notes
Turn   | Place    | Note
-------+----------+-------------------------------------------
     0 | D:1      | ProzacElf the Troll Cinder Acolyte began the quest for the
                  | Orb.
     0 | D:1      | Reached XP level 1. HP: 22/22 MP: 1/1
     2 | D:1      | Noticed a troll
     2 | D:1      | Noticed a vine stalker
     4 | D:1      | Noticed a felid
     4 | D:1      | Noticed a ghoul
     6 | D:1      | Noticed a vampire
     6 | D:1      | Noticed a meteoran
     8 | D:1      | Noticed a palentonga
     8 | D:1      | Noticed a human
    10 | D:1      | Noticed a naga
    12 | D:1      | Noticed a demigod
    14 | D:1      | Noticed an octopode
    17 | D:1      | Noticed a formicid
    17 | D:1      | Noticed a minotaur
    19 | D:1      | Noticed a demonspawn
    19 | D:1      | Noticed an ogre
    21 | D:1      | Noticed a spriggan
    21 | D:1      | Noticed a gargoyle
    23 | D:1      | Noticed a tengu
    23 | D:1      | Noticed a merfolk
    25 | D:1      | Noticed a merfolk
    25 | D:1      | Noticed a draconian
    27 | D:1      | Noticed a vine stalker
    27 | D:1      | Noticed a merfolk
   129 | D:1      | Reached XP level 2. HP: 29/29 MP: 2/2
   439 | D:1      | Found a faded altar of an unknown god.
   648 | D:1      | Reached XP level 3. HP: 36/36 MP: 3/3
   904 | D:2      | Reached skill level 4 in Unarmed Combat
   978 | D:2      | Reached skill level 1 in Dodging
  1014 | D:2      | Reached XP level 4. HP: 44/44 MP: 4/4
  1149 | D:2      | Found Ehusain's Antique Weapon Shoppe.
  1417 | D:3      | Noticed Grinder
  1446 | D:2      | Paralysed by Grinder for 4 turns
  1449 | D:2      | Slain by Grinder

Illustrated notes

Levels and vault maps discovered:
D:1:      kb_arrival_jail, layout_loops_corners,
          hellmonk_ecumenical_altar_arch_garden, hex_large
D:2:      layout_basic, serial_shops, shop_coins, minmay_goblin_outpost
D:3:      layout_loops_ring, chequers_serial_rivers_small_a,
          minmay_misc_feat_five, guppyfry_early_lair_pool, uniq_jessica,
          uniq_grinder

Skill      XL: |  1  2  3 |
---------------+----------+-----
Unarmed Combat | 4 |  4.6
Dodging        | 1 |  1.8
Fighting       | |  2.4
Spellcasting   | |  1.0
Fire Magic     | |  2.5

Action                   |  1- 3 |  4- 6 || total
-------------------------+-------+-------++-------
Melee: Unarmed           |   110 |    40 ||   150
       Punch             |     6 |     1 ||     7
Armor: Robe              |    76 |    14 ||    90
Dodge: Dodged            |    66 |    14 ||    80
